 Dungeon Crawl Stone Soup version 0.27.0-1-g7a089689b8 (webtiles) character file.

Game seed: 2045266310362354820

24794 shoop the Slicer (level 13, -3/93 HPs)
             Began as a Djinni Warper on Aug 1, 2021.
             Was the Champion of Makhleb.
             Slain by a cane toad (7 damage)
             ... while petrified by a basilisk
             ... on level 1 of the Lair of Beasts.
             The game lasted 01:09:10 (16651 turns).

shoop the Slicer (Djinni Warper)                   Turns: 16651, Time: 01:09:11

Health: -3/93      AC: 12    Str: 18    XL:     13   Next: 45%
Gold:   1405       EV:  2    Int: 18    God:    Makhleb [******] SH:  0 Dex: 19

rFire    + + +     SeeInvis .   I - +5 rapier (vamp)
rCold    x . .     Faith    .   s - +0 buckler
rNeg     + + +     Spirit   .   O - +3 ring mail of Waovoe {rF+ rN+}
rPois    ∞         Reflect  .   w - +0 helmet
rElec    .         Harm     .   A - +0 cloak
rCorr    .         Rampage  .   j - +0 pair of gloves
Will     +....                  (boots unavailable)
Stlth    ++........             (no amulet)
HPRegen  0.25/turn              k - +6 ring of strength
MPRegen  0.00/turn              b - +6 ring of dexterity

@: petrified, flying, studying Throwing
A: sickness immunity, fire resistance 2, cold vulnerability 1, float, innate
caster, hp casting, extra vitality 1
a: Renounce Religion, Minor Destruction, Lesser Servant of Makhleb, Major
Destruction, Greater Servant of Makhleb


You were on level 1 of the Lair of Beasts.
You worshipped Makhleb.
Makhleb was exalted by your worship.
You visited 4 branches of the dungeon, and saw 16 of its levels.
You also visited: Bailey.

You collected 1609 gold pieces.
You spent 204 gold pieces at shops.

Inventory:

Hand Weapons
 I - a +5 vampiric rapier (weapon)
Missiles
 d - 5 boomerangs of dispersal (quivered)
 h - 6 throwing nets
 x - 101 boomerangs
Armour
 j - a +0 pair of gloves (worn)
 s - a +0 buckler (worn)
 w - a +0 helmet (worn)
 A - a +0 cloak (worn)
 O - the +3 ring mail of Waovoe (worn) {rF+ rN+}
   (You found it on level 5 of the Dungeon)

   rF:        It protects you from fire.
   rN:        It protects you from negative energy.
 R - a +2 leather armour of willpower
Jewellery
 b - a +6 ring of dexterity (right hand)
 k - a +6 ring of strength (left hand)
 H - a ring of ice
 L - a ring of see invisible
 V - a ring of positive energy
 Z - an amulet of faith
Wands
 l - a wand of acid (4)
 m - a wand of paralysis (14)
 y - a wand of digging (6)
 N - a wand of flame (47)
 U - a wand of iceblast (13)
Scrolls
 c - 2 scrolls of blinking
 e - 9 scrolls of teleportation
 f - 4 scrolls of amnesia {unknown}
 g - 4 scrolls of enchant armour
 i - 2 scrolls of immolation
 o - 4 scrolls of silence
 p - 6 scrolls of enchant weapon {unknown}
 q - a scroll of brand weapon
 B - a scroll of fog
 C - 2 scrolls of magic mapping
 P - 2 scrolls of summoning {unknown}
 S - a scroll of torment
 T - a scroll of acquirement
 X - a scroll of fear
Potions
 n - 3 potions of resistance
 r - 3 potions of degeneration {unknown}
 t - 6 potions of curing {unknown}
 u - 2 potions of mutation
 v - 2 potions of berserk rage
 z - 3 potions of lignification {unknown}
 D - 2 potions of brilliance
 E - a potion of attraction
 F - a potion of haste
 J - 4 potions of flight {unknown}
 K - 3 potions of heal wounds {unknown}
 M - 3 potions of might
 Q - 7 potions of ambrosia
Miscellaneous
 a - a tin of tremorstones (2/2)
 G - a lightning rod (4/4)


   Skills:
 + Level 8.5 Fighting
 - Level 11.9(12.2) Short Blades
 - Level 4.0(8.8) Long Blades
 - Level 5.0 Throwing
 + Level 4.0 Armour
 + Level 6.3 Dodging
 - Level 2.0 Stealth
 - Level 4.0 Shields
 - Level 10.0 Spellcasting
 - Level 7.1 Invocations
 - Level 4.0 Evocations


You couldn't memorise any spells.
You knew the following spells:

 Your Spells              Type           Power      Damage    Failure   Level
a - Call Imp              Summ           45%        N/A       1%          2
b - Blink                 Tloc           N/A        N/A       1%          2
c - Gell's Gravitas       Tloc           22%        N/A       1%          3
d - Teleport Other        Tloc           45%        N/A       1%          3
e - Manifold Assault      Tloc           45%        N/A       6%          5
f - Mephitic Cloud        Conj/Pois/Air  45%        N/A       1%          3
g - Lesser Beckoning      Tloc           22%        N/A       1%          3
h - Sandblast             Erth           90%        2d19      1%          1
i - Vampiric Draining     Necr           22%        2d9       1%          3
j - Hailstorm             Conj/Ice       45%        3d10      2%          4
k - Iskenderun's Battles  Conj           45%        2d10      6%          5
Your spell library was empty.

Dungeon Overview and Level Annotations

Branches:
Dungeon (12/15)            Temple (1/1) D:7            Lair (1/6) D:10
    Orc (2/2) D:9             Elf (0/3) Orc:2        Bailey (visited)

Altars:
Cheibriados
Dithmenos
Elyvilon
Hepliaklqana
Makhleb
Qazlal
Vehumet
Xom
Zin
Jiyva

Shops:
D:4 ?   D:5 [*   Orc:1 [?

Annotations:
D:8 3 runed translucent doors, hawla's ghost, novice DEDe
Lair:1 Fannar
Orc:2 1 exclusion


Innate Abilities, Weirdness & Mutations

You are immune to sickness and miasma.
You are immune to poison.
Your flesh is very heat resistant. (rF++)
You are vulnerable to cold. (rC-)
You float through the air rather than walking.
You learn spells naturally, not from books.
Your magical power is your life essence.
You have superior vitality. (+4 HP)


Message History

You hit the cane toad.
You feel better.
The cane toad is severely wounded.
You block the cane toad's attack. The basilisk gazes at you.
You are slowing down.
Casting: Hailstorm (dangerous; 2% risk of failure)
Confirm with . or Enter, or press ? or * to list all spells.
You blink.
A cane toad comes into view.
The cane toad croaks.
Your limbs are stiffening.
Found a ring mail and a chain mail.
Casting: Blink (safe; 1% risk of failure)
Confirm with . or Enter, or press ? or * to list all spells.
You blink.
A water moccasin comes into view.
The water moccasin hisses angrily.
You have turned to stone.
The water moccasin bites you. The cane toad stings you!
The water moccasin bites you. The cane toad stings you!
The water moccasin bites you. The water moccasin bites you.
The cane toad stings you but does no damage.
The water moccasin bites you but does no damage.
The cane toad stings you. The komodo dragon bites you!!
* * * LOW HITPOINT WARNING * * *
The water moccasin bites you.
* * * LOW HITPOINT WARNING * * *
The cane toad stings you but does no damage.
The water moccasin bites you.
* * * LOW HITPOINT WARNING * * *
Fannar the Cold-Hearted comes into view.
They are wielding a staff of cold and wearing a +1 robe of cold resistance.
The cane toad stings you. The komodo dragon bites you!
* * * LOW HITPOINT WARNING * * *
Fannar shouts!
The cane toad stings you!
* * * LOW HITPOINT WARNING * * *
The water moccasin bites you but does no damage.
The cane toad stings you. The cane toad stings you!
You die...

......... ..P .........
..### ..P............
....PP..#...............
........#...............
........................
.......S................
......[@ll.:............
.......FF...............
........................
................†§÷.....
................†÷......
................l.......
........................
.........e..............
.............(.....


You could see Fannar, a komodo dragon, 2 cane toads, a basilisk and a water
moccasin.

Vanquished Creatures
  An orc warlord (Bailey)
  Harold (D:7)
  2 hydras
  2 two-headed ogres
  An ugly thing (D:10)
  3 orc knights
  A cyclops (Orc:2)
  A black mamba (D:10)
  5 yaktaurs (D:11)
  An unseen horror (D:10)
  A tengu conjurer (D:10)
  3 trolls
  2 wraiths
  A shadow (D:10)
  A wyvern (Lair:1)
  3 steam dragons
  17 yaks
  Menkaure (D:7)
  A warg (Orc:1)
  2 acid dragons (D:10)
  5 water moccasins
  Duvessa (D:7)
  23 orc warriors
  6 ogres
  A necrophage (D:6)
  A centaur (D:10)
  3 kobold brigands
  A scorpion (D:5)
  4 bullfrogs
  A water moccasin zombie (D:6)
  Dowan (D:7)
  34 killer bees
  4 howler monkeys
  A crimson imp (D:10)
  A jelly (D:5)
  7 centaur zombies
  3 centaur skeletons
  A hound (D:7)
  A gnoll shaman (D:6)
  6 orc priests
  A bullfrog skeleton (D:5)
  Jessica (D:3)
  4 iguanas
  24 orc wizards
  A killer bee zombie (D:7)
  A hound zombie (D:4)
  A mummy (D:7)
  A howler monkey zombie (D:10)
  6 gnolls
  A howler monkey skeleton (D:4)
  4 adders
  A shadow imp (D:6)
  A white imp (D:5)
  2 dart slugs
  61 orcs
  5 bats
  9 endoplasms
  3 giant cockroaches
  9 goblins
  11 hobgoblins
  2 quokkas
  4 ball pythons
  3 frilled lizards
  23 kobolds
  5 rats
339 creatures vanquished.

Vanquished Creatures (collateral kills)
  A two-headed ogre (Orc:1)
  A queen bee (D:11)
  2 trolls (Orc:1)
  Prince Ribbit (D:5)
  Eustachio (D:4)
  An orc warrior (Orc:1)
  An ogre (D:5)
  A water moccasin zombie (D:5)
  2 killer bees
  2 jellies (D:5)
  An orc priest (D:5)
  A centaur skeleton (D:6)
  4 gnolls
  4 adders
  An ufetubus (D:5)
  4 orcs
28 creatures vanquished.

Vanquished Creatures (others)
  2 killer bees
  3 kobolds (D:9)
  A plant (Lair:1)
6 creatures vanquished.

Grand Total: 373 creatures vanquished

Notes
Turn   | Place    | Note
-------+----------+-------------------------------------------
     0 | D:1      | shoop the Djinni Warper began the quest for the Orb.
     0 | D:1      | Reached XP level 1. HP: 18/18 MP: 0/0
   132 | D:1      | Reached XP level 2. HP: 19/23 MP: 0/0
   550 | D:1      | You are sucked into a shaft and drop 1 floor!
   751 | D:2      | Reached XP level 3. HP: 28/28 MP: 0/0
   751 | D:2      | Learned a level 1 spell: Sandblast
   866 | D:2      | Found a faded altar of an unknown god.
   879 | D:2      | Became a worshipper of Makhleb the Destroyer
   879 | D:2      | Reached * piety under Makhleb
  1570 | D:3      | Noticed a water moccasin
  1648 | D:3      | Reached XP level 4. HP: 32/33 MP: 0/0
  1672 | D:3      | Killed a water moccasin
  1673 | D:3      | Reached skill level 1 in Stealth
  1673 | D:3      | Reached skill level 1 in Shields
  1673 | D:3      | Reached skill level 1 in Evocations
  1673 | D:3      | Reached XP level 5. HP: 10/38 MP: 0/0
  1673 | D:3      | Learned a level 2 spell: Call Imp
  2329 | D:3      | Noticed Jessica
  2335 | D:3      | Killed Jessica
  2443 | D:3      | Reached XP level 6. HP: 33/43 MP: 0/0
  2709 | D:3      | Reached ** piety under Makhleb
  2743 | D:3      | Found a hazy altar of Hepliaklqana.
  3117 | D:4      | Found Hyamips's Magic Scroll Boutique.
  3131 | D:4      | Bought a scroll of fog for 28 gold pieces
  3131 | D:4      | Bought a scroll of identify for 28 gold pieces
  3565 | D:4      | Noticed Eustachio
  4156 | D:5      | Entered Level 5 of the Dungeon
  4161 | D:5      | Found Amentol's Assorted Antiques.
  4196 | D:5      | Reached XP level 7. HP: 20/49 MP: 0/0
  4196 | D:5      | Learned a level 3 spell: Mephitic Cloud
  4420 | D:5      | Found Topomnob's Magic Scroll Emporium.
  4619 | D:5      | Noticed a water moccasin
  5085 | D:4      | Killed Eustachio
  5282 | D:5      | Bought a gluggy blue potion for 15 gold pieces
  5282 | D:5      | Bought a glass ring for 85 gold pieces
  5304 | D:5      | Noticed Prince Ribbit
  5325 | D:5      | Reached XP level 8. HP: 46/54 MP: 0/0
  5341 | D:5      | Found a shadowy altar of Dithmenos.
  5344 | D:5      | Killed Prince Ribbit
  5345 | D:5      | Reached skill level 5 in Spellcasting
  5626 | D:5      | Found Jeulei's Armour Shoppe.
  5719 | D:5      | Identified the +3 ring mail of Waovoe {rF+ rN+}
  5899 | D:6      | Reached skill level 1 in Short Blades
  5910 | D:6      | Reached skill level 2 in Short Blades
  6047 | D:5      | Reached skill level 3 in Short Blades
  6095 | D:5      | Reached *** piety under Makhleb
  6234 | D:6      | Reached XP level 9. HP: 55/58 MP: 0/0
  6234 | D:6      | Learned a level 3 spell: Vampiric Draining
  6243 | D:6      | Reached skill level 4 in Short Blades
  6326 | D:6      | Reached skill level 5 in Short Blades
  6346 | D:6      | Reached skill level 6 in Short Blades
  6689 | D:6      | Reached skill level 7 in Short Blades
  6754 | D:7      | Noticed Menkaure
  6779 | D:7      | Noticed Harold
  6839 | D:7      | Found a staircase to the Ecumenical Temple.
  6862 | D:7      | Reached skill level 8 in Short Blades
  7024 | D:7      | Found a flagged portal.
  7252 | Bailey   | Entered a bailey
  7273 | Bailey   | Noticed an orc warlord
  7330 | Bailey   | Reached skill level 9 in Short Blades
  7356 | Bailey   | Reached **** piety under Makhleb
  7425 | Bailey   | Found a runed translucent gate.
  7425 | Bailey   | Found a runed translucent gate.
  7425 | Bailey   | Found a runed translucent gate.
  7661 | Bailey   | Killed an orc warlord
  7662 | Bailey   | Reached skill level 11 in Short Blades
  7662 | Bailey   | Reached XP level 10. HP: 64/64 MP: 0/0
  7701 | Bailey   | Reached XP level 11. HP: 79/79 MP: 0/0
  7701 | Bailey   | Learned a level 4 spell: Hailstorm
  7781 | D:7      | Noticed Dowan
  7801 | D:7      | Killed Dowan
  7856 | D:7      | Noticed Duvessa
  8073 | D:7      | Found a snail-covered altar of Cheibriados.
  8230 | D:7      | Killed Duvessa
  8258 | D:7      | Killed Harold
  8267 | Temple   | Entered the Ecumenical Temple
  8352 | D:7      | Killed Menkaure
  8754 | D:8      | Found a runed translucent gate.
  8754 | D:8      | Found a runed translucent gate.
  8754 | D:8      | Noticed hawla's ghost (novice DEDe)
  8755 | D:8      | Found a runed translucent gate.
  8764 | D:8      | Found a viscous altar of Jiyva.
  9440 | D:9      | Reached ***** piety under Makhleb
  9479 | D:9      | Found a white marble altar of Elyvilon.
  9485 | D:9      | Found a stormy altar of Qazlal.
  9489 | D:9      | Found a glowing silver altar of Zin.
  9764 | D:9      | Found a staircase to the Orcish Mines.
 10051 | D:8      | Identified the +8 halberd of the Equator {vorpal, rN+ rCorr
                  | MP+9 Int+2}
 10118 | Orc:1    | Entered Level 1 of the Orcish Mines
 10118 | Orc:1    | Found Vous's Armour Boutique.
 10562 | Orc:1    | Reached skill level 5 in Dodging
 10610 | Orc:1    | Noticed an orc knight
 10645 | Orc:1    | Killed an orc knight
 10898 | Orc:1    | Noticed an orc knight
 10903 | Orc:1    | Reached skill level 1 in Throwing
 10905 | Orc:1    | Reached XP level 12. HP: 80/85 MP: 0/0
 11066 | Orc:2    | Entered Level 2 of the Orcish Mines
 11146 | Orc:1    | Found Beywnuic's Magic Scroll Emporium.
 11154 | Orc:1    | Bought a scroll of teleportation for 36 gold pieces
 11154 | Orc:1    | Bought a scroll of noise for 12 gold pieces
 11213 | Orc:2    | Found a staircase to the Elven Halls.
 11372 | Orc:2    | Noticed a two-headed ogre
 11650 | Orc:1    | Killed a two-headed ogre
 12166 | Orc:2    | Noticed a two-headed ogre
 12394 | Orc:2    | Noticed a two-headed ogre
 12394 | Orc:2    | Noticed a two-headed ogre
 12396 | Orc:2    | Noticed a sun demon
 12442 | Orc:1    | Killed a two-headed ogre
 12443 | Orc:1    | Reached skill level 5 in Throwing
 12878 | D:10     | Entered Level 10 of the Dungeon
 13377 | D:10     | Identified the +6 glaive of the Briny Deep {flame, rCorr
                  | MP+9 Stlth-}
 13381 | D:10     | Noticed a four-headed hydra
 13392 | D:10     | Killed a four-headed hydra
 13480 | D:10     | Noticed a four-headed hydra
 13536 | D:9      | Killed a four-headed hydra
 14192 | D:10     | Found a shimmering altar of Xom.
 14193 | D:10     | Found a burning altar of Makhleb.
 14241 | D:10     | Noticed a boulder beetle
 14548 | D:10     | Found a staircase to the Lair.
 14651 | D:10     | Reached XP level 13. HP: 55/90 MP: 0/0
 14651 | D:10     | Learned a level 5 spell: Iskenderun's Battlesphere
 14902 | D:11     | Reached skill level 10 in Spellcasting
 15035 | D:11     | Identified the +0 robe of Bogac {rF+}
 16281 | Lair:1   | Entered Level 1 of the Lair of Beasts
 16508 | Lair:1   | Reached ****** piety under Makhleb
 16650 | Lair:1   | Noticed Fannar
 16651 | Lair:1   | HP: 4/93 [cane toad (7)]
 16651 | Lair:1   | Slain by a cane toad

Illustrated notes

Levels and vault maps discovered:
D:1:      heliophobic_arrival_battle_scene, layout_basic
D:2:      layout_basic, chequers_ecumenical_altar_simple_redux
D:3:      layout_basic, nicolae_hepliaklqana_hippocampus, uniq_jessica
D:4:      minmay_door_path, layout_gridville, serial_shops,
          nicolae_stop_n_shop_2, uniq_eustachio
D:5:      layout_loops_cross, grunt_dithmenos_smoke, serial_shops, shop, shop,
          shop, hangedman_decor_growths, minmay_manual_mandibuliform,
          uniq_prince_ribbit1
D:6:      layout_gridville
D:7:      layout_loops_ring, slow_altar_1, minmay_temple_entry_waves,
          enter_bailey_5, minmay_misc_feat_roman, uniq_duvessa, uniq_harold,
          uniq_menkaure
D:8:      cheibrodos_iron_armory, layout_basic, gammafunk_ghost_ooze,
          minivault_5
D:9:      layout_loops_ring, minitemple, hiddenorc1_lemuel
D:10:     minmay_the_grid_triangle_9x9_rhombus_thin
          [minmay_the_grid_triangle_9x9_skeleton,
          minmay_the_grid_triangle_9x9_prize_schism,
          minmay_the_grid_triangle_9x9_alien,
          minmay_the_grid_triangle_9x9_stretched_checkered], layout_basic,
          grunt_temple_overflow_champion_of_chaos, lair_entry_dummy
D:11:     layout_basic, special_room [special_room_bee], minmay_fountain_box
D:12:     layout_gridville
Temple:   oiseaux_autumnal_temple
Lair:1:   layout_chaotic_city, st_stairs_6, nzn_sisyphean_effort,
          grunt_megastairs_3, uniq_fannar
Orc:1:    layout_caves, serial_shops, shop, shop, guppyfry_library_mini
Orc:2:    st_orc_open, layout_caves, serial_shops, nicolae_shop_crystal

Skill      XL: |  1  2  3  4  5  6  7  8  9 10 11 12 13 |
---------------+----------------------------------------+-----
Long Blades    | 2 3 4 |  4.0
Stealth        | 1 2 |  2.0
Shields        | 1 2 4 |  4.0
Evocations     | 1 2 4 |  4.0
Armour         | 2 4 |  4.0
Spellcasting   | 3 4 6 9 10 | 10.0
Short Blades   | 3 11 | 11.9
Fighting       | 7 8 |  8.5
Invocations    | 7 |  7.1
Dodging        | 5 6 |  6.3
Throwing       | 1 5 |  5.0

Action                   |  1- 3 |  4- 6 |  7- 9 | 10-12 | 13-15 || total
-------------------------+-------+-------+-------+-------+-------++-------
Melee: Falchion          |    36 |       |       |       |       ||    36
       Long sword        |    66 |    75 |    22 |       |       ||   163
       Rapier            |       |       |   184 |   567 |   217 ||   968
 Cast: Call Imp          |       |    26 |    32 |    33 |       ||    91
       Blink             |       |     1 |     3 |    16 |     4 ||    24
       Teleport Other    |       |     1 |       |       |       ||     1
       Mephitic Cloud    |       |       |    33 |    58 |    21 ||   112
       Gell's Gravitas   |       |       |     2 |     1 |       ||     3
       Hailstorm         |       |       |       |    26 |     4 ||    30
       Vampiric Draining |       |       |       |     2 |       ||     2
       Iskenderun's Batt |       |       |       |       |     1 ||     1
Invok: Lesser Servant of |       |       |       |     2 |       ||     2
Evoke: Wand              |       |     4 |       |     3 |       ||     7
  Use: Scroll            |       |     5 |       |     7 |     2 ||    14
       Potion            |       |       |       |     1 |       ||     1
 Stab: Distracted        |       |     2 |       |     1 |       ||     3
       Confused          |       |       |    19 |    28 |    20 ||    67
Armor: Leather armour    |     7 |    20 |    12 |       |       ||    39
       Ring mail         |    30 |     6 |    61 |   108 |    49 ||   254
Dodge: Dodged            |    66 |    69 |   130 |   179 |   121 ||   565
Block: Buckler           |     6 |     2 |       |    83 |    55 ||   146
       Rpst.: Falchion   |    10 |       |       |       |       ||    10
       Long sword        |    14 |    19 |     2 |       |       ||    35
